Map: Temple gelé

Players

Ridogo

  • Race: Zerg Zerg
  • League: Silver
  • Spawn Location: 11:00

zidar - Winner!

  • Race: Zerg Zerg
  • League: Gold
  • Spawn Location: 5:00

VOD

Have the link to the VOD?

Description

Time

  • Played on: May 22, 2016, 11:35 a.m.
  • Length: 9:20
Show
View Real Time Build Order
Export as new Build Order

Ridogo Zerg 

Build Orders: Hatch First 

Get SALT Encoding   

  12  0:01  Drone  
  13  0:08  Drone  
  14  0:17  Overlord  
  14  0:25  Overlord  
  14  0:35  Drone x2  
  16  0:44  Drone  
  17  0:55  Drone  
  18  1:05  Hatchery  
  18  1:06  Drone  
  18  1:16  Drone  
  19  1:23  Spawning Pool  
  18  1:27  Extractor  
  18  1:28  Drone  
  18  1:38  Drone  
  19  1:49  Drone  
  20  1:59  Drone  
  21  2:10  Overlord  
  21  2:11  Queen  
  23  2:18  Drone  
  23  2:19  Queen  
  23  2:21  Drone  
  27  2:36  Spine Crawler  
  23  2:37  Spine Crawler  
  23  2:38  Spine Crawler  
  23  2:44  Zergling x2  
  22  2:47  Queen  
  15  3:47  Zergling x2  
  15  3:48  Zergling x10  
  21  3:50  Metabolic Boost  
  21  3:55  Queen  
  23  4:13  Drone  
  23  4:14  Roach Warren  
  24  4:38  Drone  
  24  4:39  Drone x3  
  24  4:42  Drone  
  27  5:19  Drone  
  27  5:20  Drone x4  
  32  5:42  Hatchery  
  32  5:47  Queen  
  33  5:54  Drone  
  33  5:55  Drone x2  
  36  6:06  Drone  
  37  6:32  Lair  
  37  6:36  Evolution Chamber  
  37  6:38  Evolution Chamber, Drone  
  37  6:39  Drone x2  
  38  6:41  Overlord x2  
  38  7:11  Queen  
  40  7:15  Drone  
  40  7:16  Drone  
  40  7:17  Hatchery  
  40  7:19  Drone  
  43  7:36  Roach x4  
  53  7:37  Roach  
  53  7:58  Hatchery  
  52  8:20  Drone x8  
  60  8:43  Overlord  
  60  8:44  Overlord x2  
Show
View Real Time Build Order
Export as new Build Order

zidar Zerg - Winner!

Build Orders: Pool First 

Get SALT Encoding   

  12  0:01  Drone  
  13  0:12  Overlord  
  13  0:18  Drone  
  14  0:34  Drone x2  
  16  0:45  Spawning Pool  
  16  0:47  Drone  
  16  0:52  Drone  
  17  1:16  Hatchery  
  16  1:19  Drone  
  16  1:23  Extractor  
  16  1:24  Drone  
  17  1:34  Zergling x4  
  19  1:41  Zergling x2  
  20  1:51  Queen  
  22  2:32  Spine Crawler  
  22  2:35  Zergling x8  
  22  3:19  Queen  
  24  3:21  Drone x4  
  26  3:44  Roach Warren  
  25  4:09  Zergling x6  
  28  4:12  Overlord x3  
  28  4:13  Overlord  
  28  4:25  Extractor  
  27  4:36  Roach x6  
  39  4:59  Spine Crawler  
  38  5:14  Metabolic Boost  
  38  5:24  Lair  
  38  5:28  Drone x8  
  38  5:29  Drone x3  
  47  5:52  Extractor  
  47  5:54  Extractor  
  47  5:55  Roach x5  
  55  5:57  Queen  
  55  6:00  Overlord x2  
  55  6:01  Overlord  
  57  6:15  Drone x2  
  57  6:16  Drone  
  60  6:19  Overlord x2  
  60  6:26  Hydralisk Den  
  59  6:34  Evolution Chamber  
  58  6:42  Evolution Chamber  
  58  6:43  Drone x3  
  60  6:55  Roach x2  
  64  7:03  Zerg Missile Weapons Level 1  
  64  7:10  Drone x3  
  67  7:16  Drone x2  
  67  7:17  Drone  
  70  7:36  Hydralisk x3  
  76  7:44  Glial Reconstitution  
  76  7:53  Drone x6  
  82  8:01  Hydralisk x2  
  86  8:15  Hydralisk x3  
  92  8:47  Overlord  
  92  8:48  Overlord x2  
  92  8:49  Overlord  
Tags
 
Add a new tag
Caveats
  • Supply blocks, unpowered buildings, or Contaminate may cause inaccurate times.
  • Supply counts are checked every 10 seconds.